 Dungeon Crawl Stone Soup version 0.27.0 (webtiles) character file.

Game seed: 12239505180349486328

80 steakbbq the Cudgeller (level 4, 0/28 HPs)
             Began as a Gargoyle Fighter on July 31, 2021.
             Killed from afar by an orc wizard (4 damage)
             ... with a puff of flame
             ... on level 3 of the Dungeon.
             The game lasted 00:10:19 (2233 turns).

steakbbq the Cudgeller (Gargoyle Fighter)           Turns: 2233, Time: 00:10:19

Health: 0/28       AC: 10    Str: 21    XL:     4   Next: 39%
Magic:  4/4        EV:  7    Int:  8    God:
Gold:   189        SH:  0    Dex:  9    Spells: 3/3 levels left

rFire    . . .     SeeInvis .   a - +0 flail
rCold    . . .     Faith    .   c - +0 kite shield
rNeg     + . .     Spirit   .   b - +0 scale mail
rPois    ∞         Reflect  .   (no helmet)
rElec    +         Harm     .   (no cloak)
rCorr    .         Rampage  .   (no gloves)
Will     .....                  (no boots)
Stlth    ..........             (no amulet)
HPRegen  0.09/turn              (no ring)
MPRegen  0.09/turn              (no ring)

@: confused, mighty
A: sickness immunity, AC +3, negative energy resistance 1, electricity
resistance, torment resistance 1, petrification resistance
a: no special abilities


You were on level 3 of the Dungeon.
You visited 1 branch of the dungeon, and saw 3 of its levels.

You collected 189 gold pieces.

Inventory:

Hand Weapons
 a - a +0 flail (weapon)
Armour
 b - a +0 scale mail (worn)
 c - a +0 kite shield (worn)
Wands
 h - a wand of iceblast (2)
Scrolls
 f - a scroll of fear {unknown}
 g - a scroll of magic mapping {unknown}
 i - a scroll of teleportation {unknown}
 j - 3 scrolls of enchant weapon {unknown}
 m - a scroll of immolation {unknown}
 o - a scroll of noise {unknown}
 p - a scroll of enchant armour {unknown}
Potions
 k - a potion of attraction {unknown}
 l - a potion of heal wounds {unknown}
 n - a potion of haste {unknown}


   Skills:
 - Level 3.2 Fighting
 + Level 4.1 Maces & Flails
 - Level 3.2 Armour
 + Level 1.0 Dodging
 + Level 0.3 Stealth
 - Level 3.2 Shields


You had 3 spell levels left.
You didn't know any spells.
Your spell library was empty.

Dungeon Overview and Level Annotations

Branches:
Dungeon (3/15)

Altars:


Innate Abilities, Weirdness & Mutations

You are immune to sickness and miasma.
Your stone body is resilient. (AC +3)
You are immune to poison.
You resist negative energy. (rN+)
You are resistant to electric shocks. (rElec)
You are resistant to unholy torment.
You are immune to petrification.


Message History

You barely miss something. You block something's attack.
Something hits you but does no damage.
You closely miss something. Something hits you but does no damage.
You hear some strange, mumbled words.
A puff of flame appears from out of thin air!
The puff of flame hits you!
You miss something. Something hits you but does no damage.
You hear some strange, mumbled words.
A magic dart appears from out of thin air!
The magic dart hits you!
* * * LOW HITPOINT WARNING * * *
You miss something. You block something's attack. Something hits you.
* * * LOW HITPOINT WARNING * * *
It was a potion of curing.
You feel better. Something hits you but does no damage.
Something completely misses you.
You closely miss something.
You hear some strange, mumbled words.
A magic dart appears from out of thin air!
The magic dart hits you!
* * * LOW HITPOINT WARNING * * *
You feel better. Something hits you but does no damage.
You hear some strange, mumbled words.
You are confused.
You feel very mighty all of a sudden. Something hits you but does no damage.
Something hits you but does no damage.
You're too confused to move!
You hear some strange, mumbled words.
You are more confused.
You bump into the rock wall.
Something hits you but does no damage. x2
You barely miss something.
You hear some strange, mumbled words.
A puff of flame appears from out of thin air!
The puff of flame hits you.
* * * LOW HITPOINT WARNING * * *
Something hits you but does no damage.
You hear some strange, mumbled words.
A puff of flame appears from out of thin air!
The puff of flame hits you.
You die...

######### #.......#
#.......# #.......#
#.......# #.......# #
###.......#
####)####.........#
#.......@{#.......###
.. #.
....###....##.........#
...#. #.##
####.#####....#..
..#.##..## #.#
###..8..# ........# #.#
.....#### #....#.## #.#
....##.. #....#..## #.#
'##...
#.....#..####.#######
.#...
#...................#
#...


There were no monsters in sight!

Vanquished Creatures
  Ijyb (D:3)
  An adder (D:2)
  A worm (D:2)
  A dart slug (D:3)
  3 bats (D:1)
  6 endoplasms
  2 giant cockroaches (D:3)
  A goblin (D:1)
  4 hobgoblins
  4 jackals (D:1)
  3 ball pythons
  3 frilled lizards
  5 kobolds
  3 rats
38 creatures vanquished.

Vanquished Creatures (others)
  4 toadstools (D:1)
4 creatures vanquished.

Grand Total: 42 creatures vanquished

Notes
Turn   | Place    | Note
-------+----------+-------------------------------------------
     0 | D:1      | steakbbq the Gargoyle Fighter began the quest for the Orb.
     0 | D:1      | Reached XP level 1. HP: 14/14 MP: 1/1
    13 | D:1      | You fall into a shaft and drop 1 floor!
   292 | D:1      | Reached XP level 2. HP: 19/19 MP: 2/2
   385 | D:1      | Reached skill level 3 in Maces & Flails
   825 | D:2      | Reached XP level 3. HP: 23/23 MP: 3/3
  1714 | D:3      | Noticed Ijyb
  1734 | D:3      | Killed Ijyb
  1735 | D:3      | Reached skill level 4 in Maces & Flails
  1735 | D:3      | Reached skill level 1 in Dodging
  1735 | D:3      | Reached XP level 4. HP: 11/28 MP: 4/4
  2226 | D:3      | HP: 1/28 [something/magic dart (7)]
  2233 | D:3      | Killed from afar by an orc wizard

Illustrated notes

Levels and vault maps discovered:
D:1:      ldierk_walled_garden_2, layout_basic
D:2:      layout_basic
D:3:      minmay_chambers_of_twos, layout_rooms, slow_altar_2,
          hangedman_decor_diamond_cutter, uniq_ijyb

Skill      XL: |  1  2  3 |
---------------+----------+-----
Maces & Flails | 3 4 |  4.1
Dodging        | 1 |  1.0
Fighting       | |  3.2
Armour         | |  3.2
Stealth        | |  0.3
Shields        | |  3.2

Action                   |  1- 3 |  4- 6 || total
-------------------------+-------+-------++-------
Melee: Flail             |   135 |    41 ||   176
  Use: Potion            |       |     3 ||     3
Armor: Scale mail        |    67 |    34 ||   101
Dodge: Dodged            |    45 |    11 ||    56
Block: Kite shield       |    85 |    11 ||    96
